 Seeded DCSS version 0.29-a0-88-g03a7b78be7 (webtiles) character file.

Game seed: 10215919384247813052 (custom seed)

25 Hubjo the Sneak (level 2, -1/21 HPs)
             Began as a Vampire Enchanter on Feb 5, 2022.
             Slain by an ogre (13 damage)
             ... on level 5 of the Dungeon.
             The game lasted 00:01:46 (535 turns).

Hubjo the Sneak (Vampire Enchanter)                  Turns: 535, Time: 00:01:46

Health: -1/21      AC:  6    Str:  7    XL:     2   Next: 82%
Magic:  5/5        EV: 12    Int: 17    God:
Gold:   23         SH:  0    Dex: 14    Spells: 5/5 levels left

rFire   . . .      SeeInvis +   a - +1 dagger
rCold   . . .      Faith    .   (no shield)
rNeg    . . .      Spirit   .   b - +0 robe
rPois   .          Reflect  .   (no helmet)
rElec   .          Harm     .   (no cloak)
rCorr   .          Rampage  .   (no gloves)
Will    .....                   (no boots)
Stlth   +++.......              (no amulet)
HPRegen 0.27/turn               e - +4 ring of protection
MPRegen 0.09/turn               (no ring)

@: healing quickly
A: alive, fangs 3, see invisible, vampiric 1
a: Exsanguinate


You were on level 5 of the Dungeon.
You visited 1 branch of the dungeon, and saw 4 of its levels.

You collected 23 gold pieces.

Inventory:

Hand Weapons
 a - a +1 dagger (weapon)
Armour
 b - a +0 robe (worn)
Magical Staves
 d - a staff of death
Jewellery
 e - a +4 ring of protection (left hand)
Potions
 c - a potion of invisibility
 f - a potion of curing


   Skills:
 * Level 1.0 Fighting
 + Level 1.4 Short Blades
 + Level 2.4 Dodging
 * Level 5.1 Stealth
 - Level 2.0 Spellcasting
 + Level 4.6 Hexes


You had 5 spell levels left.
You didn't know any spells.
Your spell library contained the following spells:

 Spells                   Type           Power      Damage    Failure   Level
 Confusing Touch          Hex            17%        N/A       9%          3
 Tukima's Dance           Hex            17%        N/A       9%          3
 Ensorcelled Hibernation  Hex/Ice        18%        N/A       11%         2
 Dazzling Flash           Conj/Hex       18%        N/A       22%         3


Dungeon Overview and Level Annotations

Branches:
Dungeon (3/15)

Altars:


Innate Abilities, Weirdness & Mutations

Your natural rate of healing is accelerated.
You have razor-sharp teeth.
You have supernaturally acute eyesight. (SInv)
You are afflicted with vampirism.


Message History

Found a spear.
f - 2 glowing red potions A hobgoblin comes into view.
A sourceless malevolence fills the Dungeon...
You fall into a shaft and drop 2 floors!
The shaft crumbles and collapses.
An ogre comes into view. It is wielding a +0 giant spiked club.
The ogre shouts!
You hit the ogre.
The ogre is lightly wounded.
You closely miss the ogre.
The ogre is lightly wounded.
The ogre hits you but does no damage.
You barely miss the ogre. You bite the ogre.
The ogre is lightly wounded.
The ogre hits you with a +0 giant spiked club!
Ouch! That really hurt!
A water moccasin skeleton comes into view.
You hit the ogre but do no damage.
The ogre is lightly wounded.
The ogre barely misses you.
You hit the ogre.
The ogre is lightly wounded.
You hit the ogre but do no damage. You bite the ogre, but do no damage.
The ogre is lightly wounded.
The ogre barely misses you.
You barely miss the ogre. You punch the ogre. You bite the ogre.
The ogre is moderately wounded.
The ogre closely misses you.
You closely miss the ogre. You bite the ogre.
The ogre is heavily wounded.
The ogre hits you with a +0 giant spiked club.
* * * LOW HITPOINT WARNING * * *
You barely miss the ogre.
The ogre is heavily wounded.
The water moccasin skeleton bites you but does no damage.
It was a potion of curing.
You feel better.
The ogre hits you with a +0 giant spiked club!
Ouch! That really hurt!
You die...

#### #.. #O#
#@#
........Z......
...............
#######.#######
#.# #.# #.# #..


You could see an ogre and a water moccasin skeleton.

Vanquished Creatures
  An adder (D:2)
  An endoplasm (D:1)
  2 hobgoblins
  2 quokkas
  3 ball pythons
  A bat (D:1)
  A frilled lizard (D:1)
  4 kobolds
15 creatures vanquished.

Notes
Turn   | Place    | Note
-------+----------+-------------------------------------------
     0 | D:1      | Hubjo the Vampire Enchanter began the quest for the Orb.
     0 | D:1      | Reached XP level 1. HP: 13/13 MP: 3/3
   179 | D:2      | Reached XP level 2. HP: 19/20 MP: 5/5
   433 | D:2      | Reached skill level 5 in Stealth
   495 | D:2      | Reached skill level 1 in Fighting
   525 | D:3      | You fall into a shaft and drop 2 floors!
   525 | D:5      | Entered Level 5 of the Dungeon
   525 | D:5      | Noticed an ogre
   535 | D:5      | Slain by an ogre

Illustrated notes

Levels and vault maps discovered:
D:1:      lemuel_arrival_behind_the_door_large, layout_loops_ring,
          nicolae_ecumenical_lake_church, minmay_hedge_maze, serial_bayou_ford_a
D:2:      layout_basic, chequers_arboretum
D:3:      layout_basic
D:5:      layout_basic, serial_shops, nicolae_shop_advertising_works
          [nicolae_subvault_shop_adworks]

Skill      XL: |  1  2 |
---------------+-------+-----
Stealth        | 5 |  5.1
Fighting       | 1 |  1.0
Short Blades   | |  1.4
Dodging        | |  2.4
Spellcasting   | |  2.0
Hexes          | |  4.6

Action                   || total
-------------------------++-------
Melee: Dagger            ||    87
       Bite              ||     9
       Punch             ||     3
  Use: Potion            ||     1
Armor: Robe              ||    25
Dodge: Dodged            ||    43

Table legend: (Time is in decaauts)
 A = Elapsed time spent in this place.
 B = Non-inter-level travel time spent in this place.
 C = Inter-level travel time spent in this place.
 D = Time resting spent in this place.
 E = Time spent auto-exploring this place.
 F = Levels seen in this place.
 G = Mean time per level.
                   A        B        C        D        E       F      G
               +--------+--------+--------+--------+--------+-----+--------+
         Total |    528 |    496 |     32 |      0 |    316 |   4 |  132.0 |
       Dungeon |    528 |    496 |     32 |      0 |    316 |   4 |  132.0 |
               +--------+--------+--------+--------+--------+-----+--------+

Top non-repeatable levels by time:
     D:2: 342 daAuts
     D:1: 161 daAuts
     D:3: 14 daAuts
     D:5: 9 daAuts
